Map: Romanticide LE

Players

llllllllllll (Oliveira)

  • Race: Terran Terran
  • Spawn Location: 11:00

Reynor - Winner!

  • Race: Zerg Zerg
  • Spawn Location: 5:00

Event: DreamHack SC2 Masters 2020 Winter

VOD

Have the link to the VOD?

Description

Time

  • Played on: Nov. 11, 2020, 8:37 a.m.
  • Length: 10:12

All games in this series

Show
View Real Time Build Order
Export as new Build Order

llllllllllll Terran 

Build Orders: Liberator Opening, Reaper Expand 

Get SALT Encoding   

  12  0:00  SCV  
  13  0:12  SCV  
  14  0:17  Supply Depot  
  14  0:25  SCV  
  15  0:39  SCV  
  15  0:40  Barracks  
  16  0:43  Refinery  
  16  0:51  SCV  
  17  1:03  SCV  
  18  1:15  SCV  
  19  1:28  Reaper, Orbital Command  
  20  1:39  Command Center  
  20  1:48  Supply Depot  
  20  1:54  SCV  
  20  2:00  Marine  
  22  2:06  SCV  
  23  2:09  Factory  
  23  2:13  Refinery  
  23  2:18  SCV  
  23  2:21  Barracks Reactor  
  24  2:30  SCV  
  25  2:42  SCV  
  26  2:52  Orbital Command  
  26  2:54  Factory Tech Lab  
  26  2:55  SCV, Starport  
  26  2:58  Marine x2  
  29  3:07  SCV  
  29  3:11  Bunker  
  29  3:12  Cyclone  
  33  3:15  Marine  
  33  3:16  Marine  
  33  3:17  Orbital Command  
  35  3:21  SCV  
  35  3:24  Supply Depot  
  35  3:37  SCV  
  36  3:43  SCV  
  37  3:49  Refinery  
  37  3:50  SCV  
  37  3:54  Hellion x2, Liberator  
  45  3:59  SCV  
  45  4:02  SCV  
  46  4:09  Supply Depot  
  46  4:11  SCV, Fusion Core  
  46  4:14  SCV  
  46  4:15  Hellion x2  
  52  4:23  SCV  
  53  4:26  SCV  
  54  4:35  SCV, Supply Depot  
  54  4:37  Hellion  
  54  4:38  SCV  
  58  4:40  Barracks Tech Lab  
  58  4:41  Hellion  
  60  4:48  SCV, Supply Depot  
  60  4:50  SCV  
  62  4:59  Battlecruiser  
  68  5:00  SCV, Marine  
  68  5:02  Stimpack  
  68  5:06  Barracks  
  70  5:11  Factory Reactor  
  70  5:12  Barracks  
  70  5:13  Engineering Bay  
  70  5:16  SCV  
  70  5:18  SCV  
  72  5:22  Supply Depot, Marine  
  72  5:28  SCV  
  74  5:31  SCV  
  74  5:34  Barracks  
  75  5:36  Barracks  
  75  5:40  Refinery  
  75  5:41  Terran Infantry Weapons Level 1  
  75  5:43  SCV  
  75  5:47  Marine  
  77  5:50  SCV  
  77  5:54  Supply Depot  
  77  5:55  Marine x2  
  81  5:57  SCV  
  81  6:01  Supply Depot  
  81  6:11  Starport Reactor  
  81  6:12  Marine x3  
  81  6:16  Marine, Siege Tank  
  81  6:17  Marine  
  89  6:18  SCV  
  89  6:21  SCV  
  93  6:27  Barracks Reactor  
  93  6:28  Barracks Reactor  
  93  6:30  SCV  
  93  6:31  Supply Depot, Marine  
  93  6:32  Supply Depot  
  93  6:34  Marine  
  93  6:38  Marine  
  95  6:40  Marine  
  95  6:46  Combat Shield  
  94  6:48  SCV  
  94  6:49  Marine  
  94  6:50  Command Center  
  94  6:51  Medivac  
  97  6:55  Siege Tank  
  97  6:56  Marine  
  97  6:59  Medivac  
  103  7:02  SCV  
  103  7:03  SCV  
  103  7:04  Marine  
  103  7:05  Marine  
  103  7:07  Marine  
  108  7:10  Marine x2  
  108  7:15  Marine  
  110  7:16  Supply Depot  
  110  7:19  SCV x2  
  113  7:26  Medivac  
  113  7:27  Marine  
  113  7:29  Marine  
  118  7:37  SCV, Marine, Siege Tank  
  118  7:38  Terran Infantry Armor Level 1  
  118  7:40  Supply Depot  
  122  7:44  Marine x2  
  122  7:48  Marine x2  
  126  8:01  Marine x2  
  126  8:05  Missile Turret  
  126  8:06  Missile Turret  
  126  8:07  Missile Turret  
  126  8:09  Siege Tank  
  126  8:11  Marine  
  130  8:17  Marine x2  
  130  8:18  Armory, Engineering Bay  
  130  8:19  Marine  
  130  8:21  Marine x2  
  131  8:27  Marine  
  131  8:28  Marine x2  
  131  8:29  SCV x2  
  131  8:30  Marine  
  137  8:35  Marine  
  120  8:42  Marine x2  
  120  8:43  Marine x2  
  122  8:53  Marine x3  
  122  8:54  SCV  
  122  8:55  SCV  
  115  8:56  Orbital Command  
  108  9:04  Marine x2  
  108  9:05  Marine x2  
  108  9:06  Siege Tank  
  115  9:11  Factory  
  115  9:12  Refinery, Marine x2  
  115  9:15  Medivac  
  119  9:22  Marine  
  112  9:29  Marine x2  
  112  9:30  Marine x3  
  111  9:32  Medivac  
  111  9:43  Marine  
  111  9:44  Marine  
  111  9:45  Marine  
  104  9:47  SCV  
  104  9:48  Marine x2  
Show
View Real Time Build Order
Export as new Build Order

Reynor Zerg - Winner!

Build Orders: Pool First, Muta Ling Bane 

Get SALT Encoding   

  12  0:00  Drone  
  13  0:12  Overlord  
  13  0:16  Drone  
  14  0:31  Drone x2  
  16  0:38  Drone  
  17  0:43  Extractor  
  17  0:45  Drone  
  17  0:51  Spawning Pool  
  17  0:56  Drone  
  17  1:06  Drone  
  18  1:21  Hatchery  
  18  1:22  Drone  
  18  1:37  Queen  
  18  1:38  Zergling x2  
  21  1:40  Zergling x2  
  21  1:46  Metabolic Boost  
  22  1:53  Overlord  
  22  2:12  Drone x2  
  22  2:13  Queen  
  26  2:22  Zergling x2  
  27  2:32  Zergling x2  
  27  2:34  Drone  
  29  2:37  Pneumatized Carapace  
  29  2:43  Drone  
  31  2:44  Drone  
  31  2:45  Overlord, Drone  
  31  2:48  Drone  
  33  2:55  Drone x2  
  35  3:05  Drone  
  35  3:07  Drone  
  35  3:11  Hatchery  
  36  3:16  Drone  
  36  3:18  Drone  
  38  3:26  Drone  
  39  3:28  Overlord  
  39  3:30  Drone x3  
  39  3:33  Queen  
  44  3:42  Overlord  
  44  3:49  Zergling x4  
  44  3:52  Queen, Drone  
  49  4:00  Overlord  
  49  4:01  Zergling x2  
  50  4:03  Drone x2  
  52  4:11  Overlord  
  52  4:18  Overlord  
  52  4:23  Queen  
  54  4:25  Overlord  
  54  4:27  Zergling x8  
  54  4:29  Drone  
  54  4:30  Queen, Drone  
  62  4:33  Drone  
  62  4:34  Drone x3  
  66  4:39  Drone x3  
  66  4:42  Drone  
  66  4:45  Drone x2  
  72  4:50  Lair, Baneling Nest  
  72  4:52  Drone  
  72  4:53  Drone  
  72  4:55  Drone  
  72  4:58  Extractor  
  72  4:59  Spore Crawler  
  72  5:03  Drone x2  
  72  5:04  Drone  
  72  5:05  Spore Crawler  
  74  5:07  Drone  
  74  5:08  Drone  
  76  5:14  Drone x2  
  76  5:19  Overlord  
  78  5:27  Spore Crawler  
  77  5:28  Drone x3  
  77  5:29  Extractor x2  
  77  5:31  Drone  
  77  5:33  Drone x2  
  81  5:37  Overlord, Queen  
  81  5:38  Drone  
  81  5:42  Drone x2  
  85  5:44  Drone x3  
  85  5:45  Drone x2  
  85  5:49  Overlord  
  90  5:55  Spire  
  89  5:57  Overlord  
  89  5:58  Drone  
  89  6:00  Extractor  
  89  6:01  Extractor  
  88  6:09  Hatchery, Queen x2, Drone  
  92  6:13  Zergling x4  
  92  6:14  Zergling x2  
  92  6:16  Zergling x2  
  90  6:28  Drone x2  
  90  6:29  Drone x2  
  94  6:37  Drone x2  
  94  6:38  Drone x4  
  100  6:40  Overlord  
  100  6:45  Overlord  
  100  6:51  Overlord  
  100  7:05  Drone x6  
  100  7:06  Centrifical Hooks  
  100  7:07  Overlord  
  106  7:11  Drone x5  
  111  7:18  Mutalisk  
  111  7:21  Overlord  
  111  7:22  Mutalisk x3  
  119  7:27  Baneling x4  
  119  7:28  Mutalisk x2  
  123  7:31  Zergling x4  
  123  7:34  Mutalisk  
  123  7:35  Zergling x2  
  128  7:37  Baneling x4  
  128  7:40  Overlord x2, Evolution Chamber  
  128  7:42  Baneling x3  
  128  7:43  Drone  
  127  7:45  Evolution Chamber, Baneling x2  
  127  7:47  Zergling x12  
  132  7:52  Baneling x4  
  132  7:55  Zergling x6  
  132  7:57  Overlord  
  135  8:01  Zergling x2  
  135  8:05  Mutalisk x2  
  138  8:06  Zergling x2  
  138  8:07  Zergling x6  
  140  8:15  Mutalisk  
  140  8:16  Mutalisk  
  140  8:18  Zergling x8  
  148  8:20  Zergling x6  
  148  8:24  Mutalisk  
  145  8:29  Zergling x6  
  145  8:31  Queen  
  141  8:37  Zergling x6  
  141  8:40  Zergling x2  
  134  8:44  Baneling x9  
  134  8:46  Zergling x8  
  136  8:50  Zergling x16  
  136  8:52  Hatchery  
  136  8:55  Mutalisk  
  131  8:57  Zergling x2, Queen  
  131  9:00  Zergling x4  
  128  9:04  Mutalisk  
  128  9:07  Queen  
  128  9:08  Mutalisk x2  
  128  9:09  Queen  
  136  9:10  Zergling x4  
  136  9:11  Zergling x2  
  136  9:14  Mutalisk x2  
  144  9:20  Zergling x10  
  145  9:26  Mutalisk  
  145  9:29  Zergling x2  
  144  9:33  Zergling x4  
  144  9:34  Queen  
  144  9:36  Zergling x2  
  144  9:37  Baneling x2  
  144  9:38  Baneling x4  
  145  9:42  Zergling x6  
  141  9:47  Mutalisk  
  141  9:49  Zergling x2  
  141  9:50  Zergling x4  
Tags
 
Add a new tag
Caveats
  • Supply blocks, unpowered buildings, or Contaminate may cause inaccurate times.
  • Supply counts are checked every 10 seconds.